Map: [ESL] Inside and Out

Players

Harstem - Winner!

  • Race: Protoss Protoss
  • Spawn Location: 1:00

herO

  • Race: Protoss Protoss
  • Spawn Location: 7:00

Event: DreamHack SC2 Masters 2022 Atlanta (Offline)

VOD

Have the link to the VOD?

Description

Time

  • Played on: Nov. 18, 2022, 5:39 p.m.
  • Length: 15:54

All games in this series

Show
View Real Time Build Order
Export as new Build Order

Harstem Protoss - Winner!

Build Orders: Phoenix Opening, Blink Stalkers 

Get SALT Encoding   

  12  0:00  Probe  
  13  0:12  Probe  
  14  0:17  Pylon  
  14  0:24  Probe (Chrono Boost)  
  15  0:36  Probe (Chrono Boost)  
  15  0:37  Gateway  
  16  0:44  Probe (Chrono Boost)  
  16  0:48  Assimilator  
  17  0:50  Probe  
  17  0:56  Assimilator  
  18  1:03  Probe (Chrono Boost)  
  19  1:09  Gateway  
  19  1:13  Probe (Chrono Boost)  
  19  1:18  Probe (Chrono Boost)  
  20  1:25  Cybernetics Core  
  21  1:30  Probe  
  22  1:39  Pylon  
  22  1:43  Probe  
  23  1:56  Pylon  
  23  1:57  Probe  
  24  2:02  Sentry  
  24  2:06  Warp Gate (Chrono Boost)  
  26  2:13  Pylon  
  26  2:24  Nexus  
  26  2:27  Probe  
  27  2:31  Stalker  
  29  2:39  Pylon  
  29  2:42  Probe  
  30  2:45  Phoenix  
  30  2:54  Probe  
  30  2:57  Stalker  
  32  3:06  Shield Battery, Stalker  
  32  3:09  Probe  
  35  3:19  Twilight Council  
  35  3:22  Probe  
  36  3:34  Probe  
  36  3:37  Probe  
  38  3:46  Probe  
  38  3:48  Stalker x2  
  43  3:50  Probe, Blink (Chrono Boost)  
  44  3:58  Probe  
  46  4:02  Probe  
  46  4:10  Probe  
  46  4:13  Stalker, Pylon  
  46  4:16  Probe  
  50  4:21  Sentry  
  50  4:22  Probe  
  53  4:28  Probe  
  53  4:29  Phoenix  
  53  4:34  Probe  
  53  4:41  Nexus, Probe  
  54  4:48  Probe  
  54  4:49  Pylon  
  54  4:52  Stalker  
  57  4:56  Stalker  
  57  4:57  Probe  
  60  5:00  Probe  
  60  5:05  Robotics Facility  
  61  5:07  Phoenix  
  61  5:11  Probe  
  61  5:13  Pylon  
  62  5:17  Assimilator  
  62  5:23  Stalker x2  
  62  5:25  Shield Battery  
  62  5:27  Probe  
  67  5:28  Probe  
  68  5:38  Gateway  
  68  5:43  Probe  
  68  5:46  Probe  
  68  5:47  Stalker x2  
  74  5:51  Gateway  
  74  5:53  Probe  
  74  5:54  Observer (Chrono Boost)  
  74  5:55  Probe  
  77  5:58  Probe  
  77  6:05  Probe  
  77  6:06  Forge  
  77  6:07  Probe  
  77  6:09  Observer  
  77  6:10  Probe  
  81  6:12  Stalker  
  81  6:17  Probe, Stalker  
  86  6:22  Probe (Chrono Boost)  
  83  6:30  Probe (Chrono Boost)  
  83  6:32  Protoss Ground Weapons Level 1 (Chrono Boost)  
  84  6:33  Pylon  
  84  6:35  Stalker  
  84  6:36  Probe (Chrono Boost)  
  84  6:39  Probe (Chrono Boost), Stalker  
  90  6:40  Observer, Probe (Chrono Boost)  
  90  6:45  Probe (Chrono Boost)  
  91  6:51  Stalker x2  
  91  6:53  Probe  
  96  6:57  Probe  
  96  7:03  Probe  
  96  7:06  Probe  
  96  7:07  Pylon  
  98  7:10  Probe  
  98  7:11  Charge (Chrono Boost)  
  98  7:13  Observer  
  99  7:25  Stalker x4  
  99  7:28  Nexus  
  99  7:29  Probe x2, Pylon  
  109  7:30  Photon Cannon  
  109  7:36  Observer  
  109  7:37  Phoenix  
  109  7:40  Pylon  
  109  7:45  Pylon  
  109  7:46  Probe x2  
  109  7:48  Probe  
  110  7:52  Shield Battery, Gateway  
  110  7:55  Gateway  
  110  7:57  Pylon  
  110  8:04  Stalker x2  
  110  8:05  Stalker x2  
  118  8:07  Probe  
  118  8:11  Probe  
  118  8:12  Probe  
  118  8:15  Gateway  
  118  8:16  Protoss Ground Weapons Level 2 (Chrono Boost)  
  118  8:17  Gateway  
  118  8:18  Observer  
  118  8:19  Probe  
  119  8:21  Observer  
  119  8:29  Probe  
  119  8:31  Probe, Photon Cannon  
  119  8:33  Zealot x2, Pylon  
  125  8:37  Zealot  
  127  8:44  Zealot  
  127  8:47  Probe  
  127  8:48  Probe, Pylon  
  125  8:59  Zealot x5  
  129  9:03  Probe  
  129  9:04  Probe  
  129  9:06  Probe  
  129  9:07  Robotics Bay  
  131  9:10  Pylon  
  131  9:11  Zealot x2  
  131  9:13  Dark Shrine  
  134  9:19  Zealot x4  
  136  9:33  Zealot x3  
  136  9:34  Zealot  
  136  9:37  Probe  
  145  9:39  Nexus  
  145  9:42  Pylon  
  145  9:43  Observer (Chrono Boost)  
  145  9:45  Pylon  
  146  9:49  Probe  
  147  9:58  Zealot x7  
  147  9:59  Disruptor (Chrono Boost)  
  164  10:06  Probe  
  165  10:08  Photon Cannon  
  165  10:12  Shield Battery  
  165  10:14  Photon Cannon  
  165  10:19  Stalker  
  165  10:20  Stalker x4  
  173  10:25  Disruptor (Chrono Boost)  
  176  10:30  Photon Cannon  
  176  10:33  Shield Battery  
  176  10:34  Pylon  
  176  10:39  Probe  
  176  10:42  Zealot x3, Dark Templar  
  183  10:43  Dark Templar  
  183  10:47  Zealot x2  
  183  10:48  Probe  
  190  10:54  Pylon  
  190  10:55  Protoss Ground Armor Level 1 (Chrono Boost)  
  188  10:57  Assimilator  
  188  10:59  Assimilator  
  188  11:02  Zealot x4  
  183  11:21  Zealot x4  
  183  11:22  Disruptor  
  183  11:24  Probe  
  193  11:28  Robotics Facility  
  193  11:31  Pylon  
  187  11:33  Zealot x4  
  187  11:36  Probe x2  
  197  11:44  Probe  
  197  11:47  Dark Templar, Forge  
  197  11:48  Photon Cannon  
  197  11:49  Dark Templar  
  200  12:06  Zealot x5  
  194  12:17  Disruptor (Chrono Boost)  
  183  12:24  Zealot, Protoss Ground Weapons Level 3 (Chrono Boost), Stalker x2  
  183  12:25  Probe  
  183  12:27  Gateway  
  179  12:30  Zealot x5, Gateway  
  179  12:31  Gateway  
  179  12:34  Gateway  
  187  12:39  Probe  
  187  12:40  Disruptor (Chrono Boost), Probe  
  187  12:50  Observer (Chrono Boost)  
  178  12:53  Zealot x8  
  194  13:03  Disruptor (Chrono Boost)  
  190  13:06  Observer (Chrono Boost)  
  187  13:18  Zealot x8  
  198  13:24  Dark Templar  
  199  13:33  Zealot x2  
  199  13:37  Zealot  
  192  13:46  Zealot x6  
  171  13:52  Probe x4  
  171  13:55  Zealot x2  
  132  14:03  Dark Templar  
  132  14:04  Zealot, Probe  
  132  14:05  Probe x3  
  132  14:09  Zealot x6  
  144  14:16  Probe, Stalker x2  
  128  14:24  Probe  
  129  14:25  Stalker  
  129  14:31  Nexus, Dark Templar x4  
  126  14:32  Zealot x2  
  126  14:37  Archon  
  126  14:38  Zealot  
  112  14:46  Stalker x2  
  112  14:52  Probe  
  113  14:54  Probe  
  113  14:59  Zealot x4  
  122  15:00  Immortal (Chrono Boost)  
  122  15:06  Robotics Bay  
  116  15:08  Immortal (Chrono Boost)  
  116  15:12  Stalker x4  
  124  15:18  Stalker x2  
  128  15:23  Archon  
  128  15:25  Stalker x2  
  120  15:35  Zealot x2  
  120  15:36  Zealot x2  
  120  15:40  Stalker x2  
  122  15:49  Stalker x2  
  120  15:50  Stalker  
Show
View Real Time Build Order
Export as new Build Order

herO Protoss 

Build Orders: Oracle Opening, Blink Stalkers 

Get SALT Encoding   

  12  0:00  Probe  
  13  0:12  Probe  
  14  0:17  Pylon  
  14  0:24  Probe (Chrono Boost)  
  16  0:36  Gateway  
  16  0:37  Probe (Chrono Boost)  
  16  0:42  Probe (Chrono Boost)  
  16  0:46  Assimilator  
  17  0:51  Probe  
  18  1:03  Probe (Chrono Boost)  
  19  1:04  Assimilator  
  19  1:06  Pylon  
  19  1:12  Probe (Chrono Boost)  
  19  1:17  Probe (Chrono Boost)  
  20  1:24  Cybernetics Core  
  21  1:27  Zealot  
  21  1:30  Probe  
  24  1:42  Probe  
  26  2:01  Stargate  
  26  2:02  Adept  
  27  2:12  Warp Gate  
  27  2:32  Stalker  
  29  2:38  Nexus  
  29  2:44  Pylon  
  29  2:58  Oracle (Chrono Boost)  
  29  3:02  Probe  
  32  3:06  Gateway  
  32  3:14  Probe  
  32  3:16  Twilight Council  
  33  3:26  Probe  
  34  3:29  Oracle (Chrono Boost)  
  37  3:38  Probe  
  38  3:43  Gateway  
  38  3:52  Blink (Chrono Boost)  
  38  3:53  Probe  
  38  3:55  Probe  
  38  4:05  Probe  
  38  4:07  Probe  
  40  4:11  Stalker  
  42  4:19  Stalker  
  42  4:22  Probe  
  42  4:23  Probe  
  46  4:35  Probe x2  
  45  4:40  Pylon  
  45  4:44  Assimilator  
  45  4:47  Probe x2  
  45  4:50  Stalker x2  
  51  4:53  Stalker  
  51  4:59  Probe x2  
  55  5:03  Gateway  
  55  5:11  Probe x2  
  55  5:13  Gateway  
  57  5:22  Stalker x2  
  57  5:27  Probe  
  62  5:29  Pylon  
  62  5:40  Nexus  
  62  5:42  Pylon  
  62  5:48  Probe x2  
  61  5:55  Adept x2  
  65  5:57  Stalker  
  65  6:01  Probe x2  
  69  6:06  Shield Battery  
  69  6:08  Shield Battery  
  69  6:13  Probe x2  
  69  6:15  Stalker  
  73  6:25  Probe x2  
  75  6:30  Adept  
  75  6:31  Adept  
  75  6:33  Pylon  
  75  6:35  Forge  
  75  6:37  Probe x2 (Chrono Boost)  
  77  6:40  Robotics Facility  
  77  6:43  Pylon  
  77  6:48  Probe x2 (Chrono Boost)  
  77  6:55  Probe  
  77  6:57  Probe  
  77  7:00  Stalker x3  
  83  7:01  Protoss Ground Weapons Level 1 (Chrono Boost)  
  83  7:05  Probe, Pylon  
  84  7:12  Charge  
  84  7:15  Sentry  
  84  7:16  Probe  
  84  7:17  Probe, Pylon  
  88  7:23  Adept x3  
  88  7:27  Observer (Chrono Boost)  
  88  7:29  Gateway  
  95  7:31  Assimilator  
  95  7:32  Assimilator  
  95  7:37  Gateway  
  95  7:39  Observer (Chrono Boost)  
  95  7:40  Probe  
  95  7:42  Pylon  
  97  7:48  Stalker x3  
  103  7:57  Immortal (Chrono Boost)  
  103  8:01  Pylon  
  103  8:02  Shield Battery  
  104  8:14  Adept x2  
  104  8:18  Probe x2  
  110  8:27  Immortal (Chrono Boost)  
  110  8:28  Nexus  
  110  8:33  Zealot x2, Sentry  
  110  8:34  Zealot  
  118  8:40  Pylon  
  118  8:42  Probe x3  
  118  8:47  Pylon  
  121  8:51  Observer  
  115  8:58  Immortal (Chrono Boost)  
  115  9:02  Probe x3  
  116  9:07  Stalker x4  
  120  9:11  Shield Battery  
  120  9:13  Protoss Ground Weapons Level 2 (Chrono Boost)  
  120  9:16  Stalker x2  
  124  9:22  Probe  
  124  9:23  Probe x2  
  127  9:28  Observer (Chrono Boost)  
  124  9:34  Zealot, Sentry  
  124  9:35  Zealot x2  
  124  9:36  Probe x3  
  133  9:39  Probe  
  133  9:43  Robotics Bay  
  133  9:45  Robotics Facility  
  134  9:54  Gateway  
  134  9:55  Gateway  
  134  9:57  Observer  
  134  9:58  Observer, Pylon  
  134  10:07  Stalker x6  
  134  10:11  Shield Battery  
  134  10:12  Observer  
  142  10:27  Probe x4  
  142  10:28  Observer  
  145  10:30  Disruptor (Chrono Boost), Photon Cannon, Pylon  
  145  10:31  Disruptor (Chrono Boost), Assimilator x2  
  151  10:38  Zealot x6  
  162  10:53  Pylon x2  
  162  11:01  Disruptor (Chrono Boost)  
  162  11:02  Zealot x3  
  169  11:06  Zealot  
  169  11:10  Zealot  
  169  11:11  Zealot  
  160  11:20  Observer (Chrono Boost)  
  160  11:24  Zealot, Probe x4  
  160  11:25  Zealot x2  
  158  11:31  Disruptor (Chrono Boost)  
  147  11:39  Stalker x3  
  159  11:40  Zealot x2  
  159  11:46  Probe x4  
  167  11:58  Probe  
  167  12:00  Disruptor (Chrono Boost)  
  168  12:01  Zealot x4  
  168  12:02  Zealot x2  
  168  12:04  Zealot  
  179  12:10  Probe  
  179  12:11  Probe  
  171  12:22  Zealot x4  
  170  12:27  Zealot x2  
  156  12:31  Disruptor (Chrono Boost)  
  144  12:51  Zealot  
  144  12:52  Zealot x5  
  144  12:57  Zealot x2  
  159  13:03  Observer (Chrono Boost)  
  159  13:05  Photon Cannon  
  144  13:16  Zealot x6  
  150  13:21  Zealot x2  
  150  13:25  Disruptor (Chrono Boost)  
  122  13:50  Zealot x8  
  107  13:59  Observer (Chrono Boost)  
  93  14:10  Disruptor (Chrono Boost)  
  93  14:14  Stalker x8  
  98  14:34  Photon Cannon  
  86  14:39  Zealot x6  
  86  14:40  Observer (Chrono Boost)  
  80  14:57  Observer (Chrono Boost)  
  81  15:02  Zealot x2  
  81  15:03  Zealot x4  
  81  15:06  Cybernetics Core  
  87  15:10  Disruptor (Chrono Boost)  
  85  15:23  Zealot x4  
  85  15:24  Zealot x2  
Tags
 
Add a new tag
Caveats
  • Supply blocks, unpowered buildings, or Contaminate may cause inaccurate times.
  • Supply counts are checked every 10 seconds.